[Event "*** Titled Tuesday Blitz"]
[Site "Chess.com"]
[Date "2020.04.21"]
[Round "3"]
[White "mjray79"]
[Black "Alliswell998"]
[Result "0-1"]
[WhiteElo "2271"]
[BlackElo "2558"]
[TimeControl "180+1"]
[EndTime "10:29:53 PDT"]
[Termination "Alliswell998 won by checkmate"]

1. d4 c5 2. d5 Nf6 3. Nc3 b5 4. Nxb5 d6 5. Nc3 g6 6. e4 Bg7 7. Bc4 O-O 8. Nf3 Ba6 9. Qe2 Qc8 10. O-O Bxc4 11. Qxc4 Qa6 12. Qxa6 Nxa6 13. Bf4 Nb8 14. e5 Nh5 15. Bg5 Re8 16. exd6 exd6 17. Nb5 Na6 18. Nxd6 Re2 19. Rae1 Rxc2 20. Re7 Bf8 21. Rd7 f6 22. Bc1 Nb4 23. Nb5 Nxa2 24. Be3 Rxb2 25. Nxa7 Nc3 26.
d6 Ne4 27. g4 Ng7 28. Bh6 Nxd6 29. Nc6 Rb7 30. Rxb7 Nxb7 31. Rb1 Nd8 32. Nb8 Ra7 33. Rc1 g5 34. Rd1 Nge6 35. Bxf8 Kxf8 36. Nd7+ Ke7 37. Nb6 Kf7 38. Rc1 Rb7 39. Na4 Rc7 40. Nd2 Nc6 41. Nxc5 Ncd4 42. Rc4 Rxc5 43. Rxc5 Nxc5 44.
Kg2 Nce6 45. Nf1 Nf4+ 46. Kg3 Nde2+ 47. Kf3 Ng1+ 48. Ke3 Kg6 49. Kd2 Ngh3 50. Kc2 Nxf2 51. Kb2 Nxg4 52. Ka3 Nxh2 53. Nxh2 h5 54. Kb2 g4 55.
Kc3 g3 56. Nf3 g2 57. Kd2 Nh3 58. Ke1 g1=Q+ 59. Nxg1 Nxg1 60. Kf2 Nh3+ 61. Kg2 Ng5 62. Kg3 Kf5 63. Kh4 Kf4 64. Kxh5 Ne4 65. Kg6 Kg4 66. Kh6 f5 67. Kg7 f4 68. Kh8 f3 69.
Kg8 f2 70. Kg7 f1=Q 71. Kh6 Qf6+ 72. Kh7 Qg5 73. Kh8 Nf2 74. Kh7 Nh1 75. Kh8 Kf5 76. Kh7 Kf6 77. Kh8 Kf7 78. Kh7 Ng3 79. Kh8 Ne4 80. Kh7 Nc5 81. Kh8 Nd7 82. Kh7 Nb6 83. Kh8 Na8 84. Kh7 Qg7# 0-1

[Event "*** Titled Tuesday Blitz"]
[Site "Chess.com"]
[Date "2020.04.21"]
[Round "3"]
[White "Darhild"]
[Black "2nd_life"]
[Result "0-1"]
[WhiteElo "2586"]
[BlackElo "2400"]
[TimeControl "180+1"]
[EndTime "10:29:54 PDT"]
[Termination "2nd_life won by resignation"]

1. e4 e5 2. Nf3 Nc6 3. d4 exd4 4. Nxd4 Bb4+ 5. c3 Be7 6. g3 Nf6 7. Bg2 O-O 8. O-O d6 9. Nxc6 bxc6 10. e5 dxe5 11. Qxd8 Rxd8 12. Bxc6 Rb8 13. Nd2 Rb6 14. Bg2 Ba6 15. Re1 Ng4 16. Bf1 Bxf1 17. Rxf1 f5 18. h3 Nf6 19. Nc4 Re6 20. Re1 Bd6 21. Bg5 h6 22. Bxf6 gxf6 23. Rad1 Kf7 24. Rd5 Be7 25. Red1 Rxd5 26. Rxd5 a6 27. b3 Rc6 28. Kf1 Ke6 29. Rd1 h5 30. Ke2 Rc5 31. a4 Rd5 32. Rxd5 Kxd5 33.
Ne3+ Ke6 34. Kd3 Bc5 35. b4 Ba7 36. Ke2 c6 37. c4 Bd4 38. Nc2 Ba7 39. f3 Bb6 40. Ne1 Ba7 41. Nd3 Bd4 42. Kd2 Ba7 43. Ke2 Bd4 44. Nc1 Bc3 45. Na2 Bd4 46. a5 e4 47. Nc1 Ke5 48. Nb3 Ba7 49. f4+ Ke6 50. Na1 Kd6 51. Nc2 Ke6 52. Ne3 Bxe3 53. Kxe3 Kd6 54.
g4 hxg4 55. hxg4 fxg4 56. Kxe4 f5+ 57. Ke3 Kc7 58. Kf2 Kb7 59. Ke3 c5 60. b5 axb5 61. cxb5 c4 62. Kd4 g3 63. a6+ Kb6 64. Kxc4 g2 0-1

[Event "*** Titled Tuesday Blitz"]
[Site "Chess.com"]
[Date "2020.04.21"]
[Round "3"]
[White "GianmarcoVaR"]
[Black "mathapples"]
[Result "0-1"]
[WhiteElo "2553"]
[BlackElo "2338"]
[TimeControl "180+1"]
[EndTime "10:29:55 PDT"]
[Termination "mathapples won by checkmate"]

1. Nf3 d5 2. c4 c6 3. e3 Nf6 4. Nc3 e6 5. Qc2 Nbd7 6. b3 Bd6 7. Bb2 O-O 8. Be2 e5 9. cxd5 cxd5 10. Nb5 Bb8 11. Ba3 a6 12. Nd6 Bxd6 13. Bxd6 Re8 14.
O-O e4 15. Nd4 Ne5 16. Qc7 Qxc7 17. Bxc7 Bg4 18. Bxe5 Bxe2 19. Nxe2 Rxe5 20. Rfc1 Re7 21. Rc5 Kf8 22. Rac1 Rd8 23. Rc8 Ke8 24. Nd4 Rxc8 25. Rxc8+ Kd7 26. Rc3 Re8 27. Kf1 Rc8 28. Rxc8 Kxc8 29.
Nf5 g6 30. Nd6+ Kd7 31. Nxb7 Ng4 32. h3 Ne5 33. Nc5+ Kc6 34. Nxa6 Nd3 35. a3 Kb6 36.
Nb8 Kc7 37. Na6+ Kb6 38. Nb4 Nxb4 39. axb4 Kb5 40. f3 Kxb4 41. fxe4 dxe4 42. Ke2 Kxb3 43. d4 Kc4 44. Kf2 f5 45. h4 f4 46. Ke2 fxe3 47.
Kxe3 Kd5 48. g4 h6 49. g5 h5 50. Ke2 Kxd4 51. Kd2 Ke5 52. Ke2 Kf4 53. Kf2 Kg4 54.
Ke3 Kxh4 55. Kf4 e3 56. Kxe3 Kxg5 57. Kf3 Kh4 58. Kg2 Kg4 59. Kh2 Kf3 60. Kh3 g5 61. Kh2 g4 62. Kh1 g3 63. Kg1 g2 64. Kh2 Kf2 65.
Kh3 g1=Q 66. Kh4 Qg4# 0-1

[Event "*** Titled Tuesday Blitz"]
[Site "Chess.com"]
[Date "2020.04.21"]
[Round "3"]
[White "tsvet2005"]
[Black "GodDMuhammad"]
[Result "1-0"]
[WhiteElo "2516"]
[BlackElo "2186"]
[TimeControl "180+1"]
[EndTime "10:29:57 PDT"]
[Termination "tsvet2005 won by resignation"]

1. d4 Nf6 2. c4 g6 3. Nc3 Bg7 4. e4 d6 5. Be2 Nbd7 6. Be3 O-O 7. Nf3 e5 8. d5 Ng4 9. Bg5 f6 10. Bh4 Qe8 11. Nd2 Nh6 12. f3 a6 13. b4 f5 14. Bf2 Nf6 15. c5 fxe4 16. Ndxe4 Qe7 17.
O-O Nf5 18. Nxf6+ Qxf6 19. Ne4 Qd8 20. Qd2 Bh6 21. Qc3 Nd4 22. Bc4 Bf5 23. Rae1 Bg7 24. a4 b6 25. cxb6 cxb6 26. Bd3 Qd7 27. a5 b5 28. Qd2 Rac8 29. Ng5 Bxd3 30. Qxd3 Rf5 31. Ne4 Rc4 32. Rb1 Bh6 33. Ng3 Rf7 34. Rfe1 Bf4 35. Ne4 Qc7 36. g3 Bh6 37. Bxd4 Rxd4 38. Qe2 Qc4 39.
Qxc4 bxc4 40. Nxd6 Rxf3 41. Rbd1 Be3+ 42. Kg2 Rf2+ 43.
Kh3 Rxd1 44. Rxd1 c3 45. Ne4 c2 46. Nxf2 cxd1=Q 47. Nxd1 Bd2 48. Nb2 Bxb4 49. Nc4 Kf7 50. Kg2 Ke7 51. Kf3 Bc5 52. Ke4 Bd4 53. Nxe5 Bc3 54. Nc4 Kd7 55. Kd3 Bb4 56. Kd4 Be7 57.
h3 Bf6+ 58. Kc5 Bd8 59. Ne5+ Ke7 60. Nc6+ Kd7 61. Nxd8 Kxd8 62. Kd6 h5 63. h4 g5 64. hxg5 Ke8 65. Ke6 Kf8 66. d6 Kg7 67. d7 Kg6 68.
d8=Q 1-0

[Event "*** Titled Tuesday Blitz"]
[Site "Chess.com"]
[Date "2020.04.21"]
[Round "3"]
[White "alex_zapata"]
[Black "SaguriGuerra"]
[Result "0-1"]
[WhiteElo "2249"]
[BlackElo "2524"]
[TimeControl "180+1"]
[EndTime "10:29:58 PDT"]
[Termination "SaguriGuerra won by resignation"]

1. e4 e6 2. d4 d5 3. Nd2 Be7 4. Ngf3 Nf6 5. Bd3 c5 6. exd5 Qxd5 7. dxc5 Nbd7 8. Nb3 Nxc5 9. Nxc5 Qxc5 10. O-O O-O 11. Be3 Qc7 12. c4 e5 13. Qc2 Bg4 14. Ng5 h6 15. Ne4 Nxe4 16. Bxe4 Rac8 17. Rac1 Be6 18. b3 b6 19. Bf5 Qc6 20. Rfd1 Rfd8 21. Bxe6 Qxe6 22. Rxd8+ Rxd8 23. Rd1 Rc8 24. Qe4 f5 25.
Qd5 Kf7 26. Qb7 f4 27. Bc1 Qc6 28. Qxc6 Rxc6 29. f3 Ke6 30. Kf1 g5 31. Ke2 h5 32.
Bb2 a6 33. Rd5 Bf6 34. Bc3 g4 35. Kd3 Kf5 36. Bb4 h4 37. fxg4+ Kxg4 38. Ke4 b5 39. c5 h3 40. gxh3+ Kxh3 41. Rd2 a5 42. Bxa5 Rxc5 43. Bb6 Rc6 44. Ba7 Bg7 45. Bg1 Rf6 46. Kf3 Re6 47. Re2 Kh4 48. a4 bxa4 49. bxa4 Kg5 50.
a5 Kf5 51. Re4 Rc6 52. Ra4 e4+ 53. Ke2 f3+ 54. Ke3 Bh6+ 55. Kd4 Bf8 56. a6 Rc8 57. Ra5+ Kf4 58. Be3+ Kg4 59. Kxe4 Re8+ 60. Kd3 Rd8+ 61. Ke4 Bb4 62. Ra4 Kh4 63. Rxb4 Re8+ 64. Kd3+ Kh3 65.
a7 Kg2 66. Rb8 f2 67. Rxe8 f1=Q+ 68. Kd4 Qd1+ 69. Ke4 Qa4+ 70. Kd3 Qxe8 71. Kd2 Qa8 0-1

[Event "*** Titled Tuesday Blitz"]
[Site "Chess.com"]
[Date "2020.04.21"]
[Round "3"]
[White "aa175"]
[Black "nfds"]
[Result "1-0"]
[WhiteElo "2307"]
[BlackElo "2536"]
[TimeControl "180+1"]
[EndTime "10:29:59 PDT"]
[Termination "aa175 won on time"]

1. d4 Nf6 2. Bf4 c5 3. e3 e6 4. Nf3 d5 5. Nbd2 Nc6 6. c3 Be7 7. Bd3 O-O 8. Ne5 Bd7 9. h4 Qb6 10. Rb1 cxd4 11. exd4 Rfc8 12. Qe2 Qa5 13. a3 a6 14. Ndf3 Qd8 15. Ng5 Be8 16. Nh3 b5 17.
Ng5 Rab8 18. Bc2 Rb7 19. Qd3 h6 20. Ng4 a5 21. Rh3 b4 22. Rg3 Kf8 23. Nh7+ Nxh7 24.
Qxh7 Bxh4 25. Bxh6 f5 26. Qh8+ Ke7 27. Qxg7+ Kd6 28. Qxb7 Bxg3 29. Bf8+ Ne7 30. Bxe7+ Qxe7 31. Qxc8 fxg4 32. Qc5+ Kd7 33. Ba4+ Kd8 34. Qxe7+ Kxe7 35. Bxe8 Bd6 36. Ba4 bxc3 37. bxc3 Bxa3 38. Rb7+ Kf6 39. f3 Bd6 40. fxg4 Kg5 41. Rb6 Bg3+ 42. Ke2 e5 43.
dxe5 Bxe5 44. Rb5 Bxc3 45. Rxd5+ Kxg4 46. Kd3 Bb4 47. Rd8 Kf5 48. Rg8 Kf6 49. Rg4 Be1 50.
Re4 Bg3 51. Re3 Bc7 52. Rf3+ Kg5 53. Bc2 Kg4 54. Kc4 Bd6 55. Kb5 Bb4 56. Rb3 Be1 57.
Bd1+ Kf4 58. Rf3+ Kg5 59. Bc2 Bb4 60. Ka4 Be1 61. Kb3 Kg4 62. Kc4 Bd2 63. Kd5 Bb4 64. Ke5 Bd2 65. Rf8 Kg3 66. Rg8+ Kh4 67. g4 1-0

[Event "*** Titled Tuesday Blitz"]
[Site "Chess.com"]
[Date "2020.04.21"]
[Round "3"]
[White "cukin84"]
[Black "vaishali2001"]
[Result "0-1"]
[WhiteElo "2130"]
[BlackElo "2501"]
[TimeControl "180+1"]
[EndTime "10:29:59 PDT"]
[Termination "vaishali2001 won by resignation"]

1. e4 c5 2. Nc3 Nc6 3. Bb5 Nd4 4.
Bc4 e6 5. Nf3 a6 6. Nxd4 cxd4 7.
Ne2 b5 8. Bb3 Bb7 9. d3 Bc5 10.
O-O Ne7 11. c3 dxc3 12. bxc3 O-O 13. Be3 Bxe3 14. fxe3 Rc8 15. Qd2 Qb6 16. Rf3 d5 17. exd5 Nxd5 18. Rg3 Rc7 19. Kh1 Rfc8 20. Bxd5 Bxd5 21.
e4 Bb7 22. Qg5 g6 23. Qf6 Qc5 24. Rf1 Qe7 25. Qf4 e5 26. Qh6 a5 27. h4 b4 28. c4 Rd7 29. Rh3 Qf8 30. Qg5 Qe7 31.
Qg4 Rcd8 32. Rff3 Qe6 33. Qxe6 fxe6 34. h5 g5 35. h6 Kh8 36. Rhg3 Rg8 37. Rf6 Re7 38.
Ng1 g4 39. Ne2 a4 40. Nc1 Bc6 41. Rf2 Be8 42. Rb2 Rb7 43. Ne2 Bc6 44. Kh2 Rg6 45. Kg1 Kg8 46. Kf2 Kf7 47. Ng1 Ke7 48. Ke3 Kd6 49.
d4 exd4+ 50. Kxd4 e5+ 51. Ke3 Kc5 52. Ne2 Rxh6 53. Rxg4 Rd7 54. Rg5 Re6 55. g4 Kxc4 56. Rc2+ Kb5 57. Nd4+ Rxd4 58. Rxe5+ Rxe5 59. Kxd4 Rxe4+ 60. Kd3 Rxg4 61. Rh2 Be4+ 62. Ke3 Bg6 63. Rf2 Rg3+ 64. Kf4 Rc3 65. Ke5 Rc5+ 66. Kd6 b3 67. axb3 axb3 68. Rf3 Rc6+ 69. Kd5 Bc2 70. Kd4 Kb4 71. Rf8 Rb6 0-1

[Event "*** Titled Tuesday Blitz"]
[Site "Chess.com"]
[Date "2020.04.21"]
[Round "3"]
[White "isla88"]
[Black "RiskyDecision"]
[Result "1-0"]
[WhiteElo "2312"]
[BlackElo "2541"]
[TimeControl "180+1"]
[EndTime "10:30:00 PDT"]
[Termination "isla88 won on time"]

1. c4 f5 2. Nc3 Nf6 3. d4 d6 4.
g3 g6 5. Bg2 Bg7 6. e3 O-O 7. Nge2 e5 8. dxe5 dxe5 9. Qc2 c6 10. b3 Nbd7 11. Ba3 Re8 12. O-O e4 13. Rad1 Qa5 14. Bb2 Ne5 15. Nc1 Nfg4 16. a3 Nf3+ 17. Bxf3 exf3 18. b4 Qc7 19. h3 Ne5 20. c5 Nc4 21.
Ba1 Be6 22. a4 Be5 23. Kh2 h5 24. Nd3 Nxe3 25. fxe3 Bxg3+ 26. Kh1 f2 27. Qb2 Kh7 28. e4 f4 29. Nxf2 Rg8 30. Kg2 Rae8 31. Ne2 g5 32.
Nxg3 fxg3 33. Nd3 h4 34. Qf6 Qc8 35. Rh1 Ref8 36. Qe7+ Rf7 37. Qd6 Rgf8 38. Qe5 Rg8 39. Rdf1 Rgf8 40. Rxf7+ Rxf7 41. Qxg5 Qd7 42. Qh5+ Kg8 43.
Qg5+ Kf8 44. Qh6+ Ke7 45. Qxh4+ Kf8 46. Qh6+ Ke7 47. Qg5+ Ke8 48. Ne5 Qd4 49. Bxd4 1-0

[Event "*** Titled Tuesday Blitz"]
[Site "Chess.com"]
[Date "2020.04.21"]
[Round "3"]
[White "LuckSlayeer"]
[Black "SHIVACalypso"]
[Result "1-0"]
[WhiteElo "2523"]
[BlackElo "2227"]
[TimeControl "180+1"]
[EndTime "10:30:01 PDT"]
[Termination "LuckSlayeer won by resignation"]

1. e4 e6 2. d4 d5 3. Nc3 Nf6 4. e5 Nfd7 5. f4 c5 6. Nf3 Nc6 7. Be3 Be7 8. Qd2 O-O 9. dxc5 Qa5 10. a3 Bxc5 11. Bxc5 Qxc5 12. Bd3 f6 13. exf6 Nxf6 14. O-O-O Bd7 15. Rde1 Rac8 16. Ng5 Nd4 17. Kb1 b5 18. Ne2 Nf5 19. Ng3 Nd6 20. Nxe6 Bxe6 21. Rxe6 Nc4 22. Qb4 Qxb4 23. axb4 Nd2+ 24. Kc1 Nb3+ 25. Kb1 Nd2+ 26. Ka2 Nc4 27. b3 Nb6 28. Kb2 Ng4 29. Bf5 Nh6 30. Bh3 Rce8 31. f5 Rxe6 32. fxe6 Re8 33.
Re1 Kf8 34. Nh5 g6 35. Nf6 Re7 36. Nd7+ Ke8 37. Nc5 Nf5 38. Bxf5 gxf5 39. Re5 f4 40. Rg5 Kd8 41. Rg8+ Re8 42. Nb7+ Ke7 43. Rg7+ Kxe6 44. Rxh7 Re7 45. Nc5+ Kd6 46. Rxe7 Kxe7 47. Nd3 f3 48.
gxf3 d4 49. f4 Nd5 50. Kc1 Kf6 51. Kd2 Kf5 52. Ke2 a6 53. Kf3 Nc3 54. h4 Nd5 55. h5 Nf6 56. h6 Nh7 57. Ne5 Nf6 58. Nf7 Kg6 59. Ng5 Kxh6 60. Ne6 Kg6 61. Nxd4 Nd5 62. f5+ Kf6 63. Ke4 Nxb4 64. c3 Nc2 65. Nxc2 1-0

[Event "*** Titled Tuesday Blitz"]
[Site "Chess.com"]
[Date "2020.04.21"]
[Round "3"]
[White "Tashik"]
[Black "Bryakin_Mikhail"]
[Result "0-1"]
[WhiteElo "2546"]
[BlackElo "2791"]
[TimeControl "180+1"]
[EndTime "10:30:03 PDT"]
[Termination "Bryakin_Mikhail won on time"]

1. c4 c6 2. Nf3 d5 3. d4 Nf6 4. Nc3 a6 5. c5 Nbd7 6. h3 b6 7. cxb6 Qxb6 8. e3 e6 9. Be2 a5 10.
O-O Ba6 11. b3 Bd6 12. Bd2 O-O 13. Na4 Qa7 14. Rc1 Rfc8 15. Bxa6 Qxa6 16. Bc3 Ne4 17. Bb2 c5 18. dxc5 Ndxc5 19. Nxc5 Bxc5 20. Ne5 f6 21. Nd3 Bf8 22. Nf4 Rxc1 23. Qxc1 Rc8 24. Qd1 Qd6 25. Qd3 Nc5 26. Qc3 e5 27. Ne2 a4 28. b4 Qb6 29. bxc5 Rxc5 30. Qd2 Rb5 31. Bc3 a3 32. Rd1 Qc6 33. Kh2 Rc5 34. g3 Rb5 35. Kg1 h5 36. h4 Be7 37. Kh2 Kf7 38. Rc1 Qb7 39. Rd1 Qc6 40.
Nc1 Qc4 41. Nb3 Ke6 42. Qd3 Qxd3 43. Rxd3 Bd6 44. Rd1 Rb8 45. f4 Rc8 46. f5+ Kxf5 47. Rxd5 Rxc3 48. Rxd6 Ke4 49. Rd2 Kxe3 50. Rg2 Kf3 51.
Kh3 e4 52. Nd2+ Ke3 53. Nf1+ Kd4 54. Re2 Rd3 55. Kg2 Rc3 56. Kf2 Rc1 57. Nd2 Kd3 58.
Nb3 Rc2 59. Rxc2 Kxc2 60. Ke3 Kb2 61. Nd4 Kxa2 62. Nb5 f5 0-1

[Event "*** Titled Tuesday Blitz"]
[Site "Chess.com"]
[Date "2020.04.21"]
[Round "3"]
[White "CrgKrishna"]
[Black "davigator"]
[Result "1/2-1/2"]
[WhiteElo "2633"]
[BlackElo "2390"]
[TimeControl "180+1"]
[EndTime "10:30:03 PDT"]
[Termination "Game drawn by agreement"]

1. d4 Nf6 2. Nf3 e6 3. e3 b6 4. Bd3 Be7 5. O-O O-O 6. c4 d5 7. Nc3 c5 8. cxd5 exd5 9. b3 Nc6 10. Ne2 Bg4 11. Bb2 Rc8 12. Rc1 Bd6 13. dxc5 bxc5 14. Ng3 d4 15. h3 Bxf3 16. Qxf3 dxe3 17. Qxe3 Re8 18. Ne4 Nxe4 19. Bxe4 Qe7 20. Rfe1 Qh4 21.
Qf3 Ne5 22. Bxe5 Rxe5 23. Bd5 Rxe1+ 24. Rxe1 Rf8 25. Re8 Qf4 26. Qxf4 Bxf4 27. Re7 Bb8 28. Rd7 g6 29. g4 g5 30. Kg2 Kg7 31. Kf3 Kf6 32. Bc4 h6 33. a4 Kg7 34. a5 Kf6 35. a6 Kg7 36. Ke4 Kf6 37. Kd5 Kg6 38. Kc6 h5 39.
Kb7 hxg4 40. hxg4 f5 41. Bd3 Kf6 42. Bxf5 Re8 43. Bd3 Ke5 44. Bc4 Kf4 45. Rd5 Kxg4 46. Rxc5 Kf4 47. Rc6 g4 48. Rf6+ Kg5 49. Rf7 Kg6 50.
Rd7 Kg5 51. Bf7 Rf8 52. Be6 Be5 53. Rd5 Kf6 54. Bxg4 Rf7+ 55. Rd7 Bd4 56. Rxf7+ Kxf7 57. f3 Ke7 58. Kc6 Kf6 59. Kd5 Bb6 60. Ke4 Bf2 61. Bd7 Bg1 62. Bc6 Bb6 63. f4 Bf2 64. f5 Bb6 65. Bd7 Bg1 1/2-1/2

[Event "*** Titled Tuesday Blitz"]
[Site "Chess.com"]
[Date "2020.04.21"]
[Round "3"]
[White "Alexander_Moskalenko"]
[Black "HaryKane"]
[Result "1/2-1/2"]
[WhiteElo "2899"]
[BlackElo "2668"]
[TimeControl "180+1"]
[EndTime "10:30:04 PDT"]
[Termination "Game drawn by repetition"]

1. e4 e6 2. d4 d5 3. Nd2 g6 4. Ngf3 Bg7 5. Bd3 Ne7 6. O-O O-O 7. c4 dxc4 8. Bxc4 b6 9. e5 Bb7 10. Nb3 Nd7 11. Bd2 c5 12. dxc5 Nxe5 13. Nxe5 Bxe5 14.
Bh6 Qxd1 15. Raxd1 Rfd8 16. Bg5 Rxd1 17. Rxd1 Nd5 18.
Bb5 Rc8 19. cxb6 axb6 20. Bc1 Bc6 21. Bd3 Nb4 22. Bb1 Bd5 23. g3 Ra8 24. Nd4 Nxa2 25.
Be3 Nb4 26. Nb5 Bb3 27. Re1 Ra1 28. Bd2 Bc2 29. Bxb4 Rxb1 30. Rxb1 Bxb1 31. Bc3 Bd3 32. Bxe5 Bxb5 33. Bc7 f5 34. Bxb6 e5 35. Kg2 Kf7 36. Kf3 Ke6 37. Ke3 Kd5 38. h4 h5 39. Bc7 e4 40.
Kf4 Kc4 41. Kg5 Be8 42. Kf6 Kb3 43. Be5 Kc4 44. Ke7 Ba4 45. Kf7 Bd1 46. Kxg6 Bg4 47. Kf6 Kb3 48. Bc3 Kc4 49. Ke5 Kb3 50. Kd4 Bf3 51. Ke3 Bg4 52. Kf4 Kc4 53. b4 Kb5 54. Be1 Kc4 55. Ke5 Kb5 56. Bd2 Kc4 57. Kd6 Kb5 58.
Kd5 Bh3 59. Be3 Bg4 60. Bc5 Bh3 61. Ke5 Bg4 62. Kf4 Kc4 63. Bf8 Kb5 64. Kg5 Kc4 65. Bc5 Kb5 66. Be7 Kc4 67. Kf4 Kb5 68. Ke3 Kc4 69.
Bf8 Kb5 70. Kd4 Bh3 71. f3 exf3 72. Ke3 Bg4 73. Kf2 Kc4 74. Be7 Kb5 75. Bf8 Kc4 76.
Be7 Kb5 77. Bf8 1/2-1/2

[Event "*** Titled Tuesday Blitz"]
[Site "Chess.com"]
[Date "2020.04.21"]
[Round "3"]
[White "losersgame"]
[Black "MarcoCorvi"]
[Result "1/2-1/2"]
[WhiteElo "2354"]
[BlackElo "2154"]
[TimeControl "180+1"]
[EndTime "10:30:04 PDT"]
[Termination "Game drawn by repetition"]

1. d4 f5 2. Nc3 Nf6 3. Bg5 e6 4. e4 fxe4 5. Nxe4 Be7 6. Ng3 O-O 7. Nf3 c5 8. Be2 cxd4 9. O-O Nc6 10. Nxd4 Nxd4 11. Qxd4 Qb6 12. Qxb6 axb6 13. a4 d5 14. Bb5 e5 15. Rfe1 h6 16. Rxe5 Bd6 17. Bxf6 Rxf6 18.
Rxd5 Bg4 19. Ne4 Rd8 20. Nxf6+ gxf6 21. h3 Be6 22. Rd3 Bf5 23. Rd5 Be6 24. Rd4 Bh2+ 25. Kxh2 Rxd4 26. Re1 Kf7 27. c3 Rd2 28. Re2 Rd1 29. f3 Bd5 30. Be8+ Kf8 31. Bb5 Kf7 32. Kg3 Be6 33. Kf4 Rd6 34. g4 Rd1 35. h4 Rd8 36. h5 Rd6 37. Ke3 Rd1 38. Rd2 Re1+ 39. Kf2 Rb1 40. Kg3 Ke7 41. Kf4 Re1 42. Re2 Rxe2 43. Bxe2 Kd6 44. Bb5 Kc5 45. Ke4 Bc8 46. b4+ Kd6 47.
Be2 Bd7 48. a5 Bc6+ 49. Kd4 bxa5 50. bxa5 Ke6 51. f4 Kd6 52. a6 bxa6 53. Bxa6 Bd7 54. Be2 Be6 55. Bf3 Bd7 56. c4 Bc8 57. c5+ Kc7 58.
c6 Be6 59. f5 Bc8 60. Bd5 Kd6 61. Be4 Ba6 62. Bf3 Bc8 63. Kc3 Ba6 64. Kb4 Bd3 65. Ka5 Kc7 66. Kb4 Kd6 67. Kc3 Bb5 68. Kd4 Ba6 69.
Kc3 Bf1 70. Kb4 Bd3 1/2-1/2

[Event "*** Titled Tuesday Blitz"]
[Site "Chess.com"]
[Date "2020.04.21"]
[Round "3"]
[White "Kobalia"]
[Black "pooh2012"]
[Result "1-0"]
[WhiteElo "2706"]
[BlackElo "2494"]
[TimeControl "180+1"]
[EndTime "10:30:05 PDT"]
[Termination "Kobalia won by resignation"]

1. e4 c6 2. d4 d5 3. exd5 cxd5 4.
Bd3 Nc6 5. c3 Qc7 6. Ne2 Bg4 7.
O-O e6 8. Qe1 Bd6 9. f3 Bh5 10.
Qh4 Bg6 11. Bxg6 fxg6 12. Nf4 Kf7 13. Re1 Re8 14. a4 Nh6 15. Na3 a6 16. Nc2 Nf5 17.
Qg4 Qb6 18. Kh1 Qb3 19. Ne3 Na5 20. Nd3 Nc4 21. Nxc4 dxc4 22. Nf2 Qc2 23. Ne4 Be7 24. Bg5 Bf6 25. Qf4 Re7 26. g4 e5 27. dxe5 Bxe5 28. Qc1 Qxc1 29. Raxc1 Bf6 30. Bxf6 gxf6 31. gxf5 Rd8 32. fxg6+ hxg6 33. Rcd1 Rd3 34. Rxd3 cxd3 35. Nd6+ Kf8 36. Rd1 Re3 37. Kg2 Re2+ 38. Kg3 Rxb2 39. Rxd3 b5 40. axb5 axb5 41. Rd5 b4 42. c4 b3 43. Rb5 Ke7 44. c5 Rc2 45. Ne4 f5 46. Ng5 b2 47. c6 Rxc6 48. Rxb2 Kf6 49. h4 f4+ 50. Kxf4 Rc4+ 51. Kg3 Rc6 52. Re2 Kf5 53.
Re4 Kf6 54. Rf4+ Kg7 55. Rf7+ Kg8 56. Re7 Rd6 57. Ne6 Rc6 58. Kg4 Kh8 59. Kg5 Rc3 60. Kh6 Rc8 61. Rh7+ Kg8 62. Rg7+ Kh8 63. Ng5 Rf8 64.
Nf7+ Rxf7 65. Rxf7 Kg8 66. Rf6 g5 67. hxg5 1-0

[Event "*** Titled Tuesday Blitz"]
[Site "Chess.com"]
[Date "2020.04.21"]
[Round "3"]
[White "Gentlejimmy7"]
[Black "Caterpiller35"]
[Result "1-0"]
[WhiteElo "2615"]
[BlackElo "2394"]
[TimeControl "180+1"]
[EndTime "10:30:06 PDT"]
[Termination "Gentlejimmy7 won by resignation"]

1. d4 Nf6 2. g3 e6 3. Bg2 d5 4. Nf3 Be7 5. O-O O-O 6. c4 dxc4 7. Qc2 b6 8. Nbd2 Bb7 9. Nxc4 Nbd7 10.
b3 c5 11. Bb2 Rc8 12. Rfd1 Qc7 13. Rac1 cxd4 14. Qd2 Bxf3 15. Bxf3 e5 16. e3 dxe3 17. Nxe3 Qb8 18. Nd5 Nxd5 19. Qxd5 Rxc1 20. Rxc1 Nf6 21. Qxe5 Qxe5 22. Bxe5 Bc5 23. Rd1 Re8 24. Bxf6 gxf6 25.
Rd7 Re7 26. Rd8+ Kg7 27. Kf1 a5 28. Bd5 f5 29. f4 Kf6 30. Bc4 Re3 31. Be2 Rc3 32.
Bd3 Rc1+ 33. Kg2 Ra1 34. a4 Ra2+ 35. Kf1 Rf2+ 36. Ke1 Rxh2 37. Rd5 Bf2+ 38. Ke2 Bxg3+ 39. Kf3 Bf2 40. Rxf5+ Ke7 41. Re5+ Kd6 42. Bc4 f6 43.
Rd5+ Kc6 44. Rd2 Bg1 45. Rd1 Bc5 46. Rd8 Kc7 47. Rh8 Rh4 48. f5 Bd6 49. Be6 Rf4+ 50.
Ke3 Rh4 51. Rg8 Be5 52. Kd3 Kd6 53. Rd8+ Kc5 54. Rd5+ Kb4 55. Rb5+ Ka3 56. Rxb6 Rd4+ 57. Ke3 h5 58. Rb7 h4 59. Rh7 Rb4 60. Kf3 Rf4+ 61. Ke3 Rb4 62. Bc4 Kb2 63. Rxh4 Kc3 64. Ke4 Rxc4+ 65.
bxc4 Kxc4 66. Ke3+ Kb3 67. Kd3 Bc3 68. Rh3 Be5 69.
Rh4 Bc3 70. Rc4 Bb4 71. Rc6 Kxa4 72. Rxf6 Kb3 73. Rb6 a4 74. f6 a3 75. f7 a2 76.
Rxb4+ Kxb4 77. f8=Q+ Kb3 78. Qf6 Ka3 79. Qa1 Kb3 1-0

[Event "*** Titled Tuesday Blitz"]
[Site "Chess.com"]
[Date "2020.04.21"]
[Round "3"]
[White "Salem-AR"]
[Black "Raja3401"]
[Result "1-0"]
[WhiteElo "2998"]
[BlackElo "2696"]
[TimeControl "180+1"]
[EndTime "10:30:08 PDT"]
[Termination "Salem-AR won by resignation"]

1. d4 Nf6 2. c4 e6 3. Nf3 d5 4.
Nc3 Be7 5. Bg5 O-O 6. e3 h6 7.
Bxf6 Bxf6 8. Qc2 c5 9. dxc5 Qa5 10. cxd5 exd5 11. Be2 Bf5 12. Qd2 Rd8 13. Nd4 Bg6 14.
O-O Qxc5 15. Rac1 Qe7 16. Ncb5 Na6 17. a3 Nc5 18. Qb4 Rdc8 19. Bg4 a5 20. Qd2 Rd8 21. Rfd1 a4 22. Qb4 Nd3 23. Qxe7 Bxe7 24. Rc7 Bf6 25.
Rd2 Ne5 26. Be2 Nc4 27. Bxc4 dxc4 28. Rxc4 Rac8 29. Rxc8 Rxc8 30. f3 Rc1+ 31. Kf2 h5 32. Nc3 Bh4+ 33. g3 Bf6 34. Nxa4 h4 35. Nc3 h3 36. f4 Bh5 37. Ne4 Rh1 38. Nxf6+ gxf6 39. Nf3 Rb1 40. Ne1 f5 41. g4 Bxg4 42. Nd3 Rh1 43. Kg3 Rg1+ 44. Kh4 Rg2 45. Rf2 Be2 46. Kxh3 Rxf2 47.
Nxf2 Bf1+ 48. Kg3 Kg7 49. b4 Kf6 50. Nd1 Ke6 51. Nc3 Kd6 52. Kh4 f6 53. Kh5 Ke7 54. Kg6 Bh3 55. Kg7 Bg4 56. h4 Bh5 57. Nb5 Ke6 58. Nd4+ Kd5 59. Kxf6 Kc4 60. Nxf5 Kb3 61. Nd6 b6 62. Nc8 b5 63. Nd6 Be2 64. h5 Kxa3 65. h6 1-0

[Event "*** Titled Tuesday Blitz"]
[Site "Chess.com"]
[Date "2020.04.21"]
[Round "3"]
[White "Gajuchess"]
[Black "renehp"]
[Result "1-0"]
[WhiteElo "2725"]
[BlackElo "2436"]
[TimeControl "180+1"]
[EndTime "10:30:08 PDT"]
[Termination "Gajuchess won by resignation"]

1. d4 Nf6 2. Nf3 e6 3. g3 c5 4.
Bg2 cxd4 5. Nxd4 d5 6. O-O Nc6 7.
c4 Be7 8. Nc3 O-O 9. cxd5 exd5 10. Be3 Re8 11. Rc1 Qa5 12. a3 Nxd4 13. Bxd4 Be6 14. b4 Qxa3 15. Nb5 Qxb4 16. Nc7 b6 17. Nxa8 Rxa8 18. Bxf6 Bxf6 19. Bxd5 Rd8 20. e4 Bh3 21.
Re1 h6 22. Bxf7+ Kxf7 23. Qh5+ Kg8 24. Qxh3 Bg5 25. f4 Be7 26. Re2 Bc5+ 27. Kh1 Qa3 28.
Rf1 a5 29. f5 Qd3 30. Qg4 a4 31. f6 g5 32. Qe6+ Kh8 33. f7 Bf8 34. Qf6+ Kh7 35.
Qf5+ Kh8 36. Ref2 Rd4 37. Re1 Qc3 38. Qf6+ Kh7 39. Ref1 Qe3 40. e5 Qe4+ 41. Kg1 Rd5 42. e6 Re5 43. e7 Rxe7 44. Qxb6 a3 45. Qb8 Kg7 46. Rd1 Qc6 47. Qxf8+ Kxf8 48. Rd8+ Kg7 49.
f8=Q+ Kg6 50. Qxe7 Qc1+ 51. Rf1 Qc5+ 52. Qxc5 1-0

[Event "*** Titled Tuesday Blitz"]
[Site "Chess.com"]
[Date "2020.04.21"]
[Round "3"]
[White "BvsN"]
[Black "Szparu"]
[Result "1-0"]
[WhiteElo "2373"]
[BlackElo "2566"]
[TimeControl "180+1"]
[EndTime "10:30:08 PDT"]
[Termination "BvsN won by resignation"]

1. d4 Nf6 2. c4 g6 3. Nc3 d5 4.
Bg5 Bg7 5. Bxf6 Bxf6 6. cxd5 c6 7. Rc1 O-O 8. dxc6 Bxd4 9. c7 Bxc3+ 10. Rxc3 Qxd1+ 11. Kxd1 Nc6 12. e3 Bd7 13. Nf3 Rac8 14. Bb5 a6 15. Ba4 Rxc7 16. Ke2 Nd4+ 17. Nxd4 Rxc3 18. Bxd7 Rc7 19. Ba4 e5 20. Nf3 f6 21. Bb3+ Kg7 22. Rd1 Rfc8 23. Nd2 f5 24. h3 e4 25. g4 Kf6 26.
gxf5 gxf5 27. Rg1 b5 28. h4 Rd7 29. Rg5 a5 30. Nf1 a4 31. Bd1 Rcd8 32. Bc2 Rc8 33. Bb1 Rc1 34. Nd2 Rxd2+ 35. Kxd2 Rxb1 36. Kc2 Rf1 37. Rg2 Rh1 38. Kc3 Rb1 39. Kc2 Ra1 40. a3 Ke5 41. Rg7 Rf1 42. Rxh7 Rxf2+ 43. Kc3 Rh2 44. Rb7 Rxh4 45. Rxb5+ Kf6 46. Kd4 Rh2 47. Rb6+ Kg5 48. Ke5 Rc2 49. Rb8 Rc5+ 50. Kd4 Rc6 51. Rb4 Kg4 52.
Rxa4 Kf3 53. Rc4 Rb6 54. b4 Ra6 55. Rc3 Ra8 56. b5 f4 57. exf4+ Kxf4 58. b6 Rd8+ 59.
Kc5 e3 60. Rxe3 Kxe3 61. a4 Rc8+ 62. Kb5 Kd4 63. b7 Rb8 64. Kb6 Kd5 65. a5 Rh8 66.
a6 Rh6+ 67. Ka7 Rh7 68. Ka8 Kc6 69. b8=Q 1-0